 Dungeon Crawl Stone Soup version 0.31-a0-424-g41b3b0883d (webtiles) character file.

Game seed: 4425227553278918461

23 Morbidden the Changeling (level 2, -1/26 HPs)
             Began as a Troll Shapeshifter on July 30, 2023.
             Slain by Terence
             ... wielding a +0 mace
              (6 damage)
             ... on level 2 of the Dungeon.
             The game lasted 00:00:43 (672 turns).

Morbidden the Changeling (Troll Shapeshifter)        Turns: 672, Time: 00:00:43

Health: -1/26      AC:  4    Str: 22    XL:     2   Next: 72%
Magic:  1/1        EV:  9    Int:  4    God:
Gold:   97         SH:  0    Dex: 10    Spells: 1/1 levels left

rFire   . .          .
                       - Unarmed
rCold   . . .        (no shield)
rNeg    . . .        a - +0 animal skin
rPois   .            (helmet currently unavailable)
rElec   .            (cloak currently unavailable)
rCorr   .            (gloves unavailable)
SInv    .            (boots unavailable)
Will    .....        (no amulet)
Stlth   +            (no ring)
HPRegen 1.04/turn    (no ring)
MPRegen 0.07/turn

%: no passive effects
@: beast-form
A: beast (slay +2), large, unfitting armour, claws 3, regeneration 1, shaggy fur
1, tough skin 1
a: Begin Untransformation


You were on level 2 of the Dungeon.
You were a hulking beast.
You visited 1 branch of the dungeon, and saw 2 of its levels.

You collected 97 gold pieces.

Inventory:

Missiles
 f - 8 stones
Armour
 a - a +0 animal skin (worn)
Talismans
 c - a beast talisman (active)
Scrolls
 e - 2 scrolls of amnesia {unknown}
 h - a scroll of identify {unknown}
 j - a scroll of immolation {unknown}
Potions
 b - 3 potions of lignification
 d - 2 potions of mutation {unknown}
 g - a potion of invisibility {unknown}
 i - a potion of ambrosia {unknown}


   Skills:
 * Level 0.9 Fighting
 * Level 0.4 Throwing
 * Level 1.6 Dodging
 + Level 3.2 Unarmed Combat
 * Level 3.4 Shapeshifting


You had one spell level left.
You didn't know any spells.
Your spell library was empty.

Dungeon Overview and Level Annotations

Branches:
Dungeon (2/15)

Altars:

Annotations:
D:2 Terence


Innate Abilities, Weirdness & Mutations

You are a hulking beast.
Your limbs bulge with bestial killing power. (Slay +2)
You are too large for most types of armour.
You have claws for hands.
Your natural rate of healing is unusually fast.
You are covered in fur. (AC +1)
You have tough skin. (AC +1)


Message History

You are too injured to fight recklessly!
You are too injured to fight recklessly!
You are too injured to fight recklessly!
You are too injured to fight recklessly!
You are too injured to fight recklessly!
You are too injured to fight recklessly!
You are too injured to fight recklessly!
You are too injured to fight recklessly!
You are too injured to fight recklessly!
You are too injured to fight recklessly!
You are too injured to fight recklessly!
You are too injured to fight recklessly!
You are too injured to fight recklessly!
You are too injured to fight recklessly!
You are too injured to fight recklessly!
You are too injured to fight recklessly!
You are too injured to fight recklessly!
You are too injured to fight recklessly!
You are too injured to fight recklessly!
Unknown command.
Unknown command.
You closely miss Terence.
Terence is heavily wounded.
Terence closely misses you.
You barely miss Terence.
Terence is heavily wounded.
Terence hits you with a +0 mace.
Unknown command.
You closely miss Terence.
Terence is heavily wounded.
Terence hits you with a +0 mace.
* * * LOW HITPOINT WARNING * * *
You claw Terence!
Terence is almost dead.
Terence hits you with a +0 mace.
* * * LOW HITPOINT WARNING * * *
You scratch Terence but do no damage.
Terence is almost dead.
Terence hits you with a +0 mace.
You die...

.. #.. #.# # #.# ##
###.#####.# ...
........<.# .?..
###.####....###.....
#P..P.......#.......
#.....P#....h@#
#......+.>...##
#..$...+...?##
#P.....#....#
#.P....#......
#######P....###
....##.. #######.#
$.


You could see Terence.

Vanquished Creatures
  2 endoplasms (D:1)
  2 giant cockroaches (D:1)
  3 jackals (D:1)
  3 kobolds (D:1)
  A ball python (D:2)
  2 bats (D:1)
  2 frilled lizards (D:1)
  4 goblins (D:1)
  2 rats (D:1)
21 creatures vanquished.

Notes
Turn   | Place    | Note
-------+----------+-------------------------------------------
     0 | D:1      | Morbidden the Troll Shapeshifter began the quest for the
                  | Orb.
     0 | D:1      | Reached XP level 1. HP: 18/18 MP: 0/0
   187 | D:1      | Reached XP level 2. HP: 26/26 MP: 1/1
   657 | D:2      | Noticed Terence
   672 | D:2      | Slain by Terence

Illustrated notes

Levels and vault maps discovered:
D:1:      saegor_arrival_simple_c, layout_loops_ring,
          nicolae_kite_square_tiling_tiny
D:2:      cheibrodos_old_hovel, layout_rooms, minmay_door_square, uniq_terence

Action                     || total
---------------------------++-------
  Melee: Unarmed           ||    58
 Armour: Animal skin       ||    16
  Dodge: Dodged            ||    28

Table legend: (Time is in decaauts)
 A = Elapsed time spent in this place.
 B = Non-inter-level travel time spent in this place.
 C = Inter-level travel time spent in this place.
 D = Time resting spent in this place.
 E = Time spent auto-exploring this place.
 F = Levels seen in this place.
 G = Mean time per level.
                   A        B        C        D        E       F      G
               +--------+--------+--------+--------+--------+-----+--------+
         Total |    668 |    637 |     31 |      0 |    487 |   2 |  334.0 |
       Dungeon |    668 |    637 |     31 |      0 |    487 |   2 |  334.0 |
               +--------+--------+--------+--------+--------+-----+--------+

Top non-repeatable levels by time:
     D:1: 648 daAuts
     D:2: 20 daAuts
